AoeStats
← Death_Rider

Arena

510937863Analyzed
1v1 RM · 13h ago on Oct 3, 2026· 34m 10s· 2 players
Game mode
Random Map
Map size
Tiny (2 player)
Population
200
Speed
Normal
Resources
Standard
Victory
Conquest
Starting age
Dark Age
Ending age
Imperial Age
RankedLock teamsTeams togetherTeam positionsShared explorationLock speedFull tech treeHidden civsTurbo modeCheats
Victory
Defeat
🇩🇪 Saracens · Germany
945
+18
🇨🇳 Goths · China
996
-18
Death_Rider
9:45 Feudal Age
10:20 Double-Bit Axe
10:38 Horse Collar
17:31 Castle Age
15:43 Stone Mining
21:11 Heavy Plow
21:07 Loom
21:24 Town Watch
22:48 Gold Mining
23:11 Fletching
27:21 Wheelbarrow
31:22 Imperial Age
28:38 Town Watch
29:59 Bow Saw
29:53 Bodkin Arrow
30:03 Scale Barding Armor
30:53 Forging
31:02 Town Patrol
31:18 Hand Cart
31:28 Ballistics
32:08 Chain Barding Armor
33:08 Chemistry
33:30 Conscription
34:37 Hand Cart
34:28 Husbandry
34:39 Bloodlines
YLING
10:21 Feudal Age
15:12 Castle Age
13:28 Horse Collar
13:59 Double-Bit Axe
15:33 Loom
16:58 Bow Saw
24:08 Fletching
24:51 Bodkin Arrow
25:46 Heavy Plow
27:04 Anarchy
31:36 Imperial Age
29:40 Forging
29:30 Scale Mail Armor
29:35 Squires
30:56 Wheelbarrow
31:19 Iron Casting
32:18 Chain Mail Armor
33:47 Blast Furnace
33:31 Hand Cart
33:51 Conscription
Connection lost

Rejoining the realm…

Still unreachable

The connection could not be restored.

Session expired

The server has moved on; the page needs a fresh start.